 Dungeon Crawl Stone Soup version 0.26-a0-542-gbaa144ba5c (webtiles) character file.

Game seed: 4212672450125022232

49 Descartes the Sneak (level 3, 0/15 HPs)
             Began as a Felid Enchanter on Aug 17, 2020.
             Slain by a worm (9 damage)
             ... on level 1 of the Dungeon.
             The game lasted 00:05:06 (2332 turns).

Descartes the Sneak (Felid Enchanter)               Turns: 2332, Time: 00:05:06

Health: 0/15       AC:  1    Str:  5    XL:     3   Next: 51%
Magic:  7/7        EV: 18    Int: 16    God:
Gold:   86         SH:  0    Dex: 16    Spells: 5/6 levels left
                                        Lives:  0   Deaths: 0

rFire    . . .     SeeInvis +     - Unarmed
rCold    . . .     Faith    .   (shield unavailable)
rNeg     . . .     Spirit   .   (armour unavailable)
rPois    .         Reflect  .   (helmet unavailable)
rElec    .         Harm     .   (cloak unavailable)
rCorr    .                      (gloves unavailable)
MR       .....                  (boots unavailable)
Stlth    +++.......             (no amulet)
HPRegen  0.05/turn              (no ring)
MPRegen  0.10/turn              (no ring)

@: quick
A: very small, no armour, no weapons or thrown items, stealth, claws 1, fangs 3,
see invisible, speed 1, shaggy fur 1, sharp paws
a: no special abilities


You were on level 1 of the Dungeon.
You visited 1 branch of the dungeon, and saw 2 of its levels.

You collected 86 gold pieces.

Inventory:

Missiles
 b - 27 arrows
 c - 43 stones
Scrolls
 e - a scroll of magic mapping
Potions
 a - a potion of mutation {unknown}
 d - a potion of heal wounds {unknown}
 f - a potion of degeneration {unknown}
 h - 2 potions of curing {unknown}


   Skills:
 + Level 1.0 Fighting
 + Level 3.2 Dodging
 * Level 5.0 Stealth
 * Level 2.1 Unarmed Combat
 - Level 2.0 Spellcasting
 - Level 4.4 Hexes


You had 5 spell levels left.
You knew the following spells:

 Your Spells              Type           Power        Failure   Level
a - Corona                Hex            ###....      3%          1

Your spell library contained the following spells:

 Spells                   Type           Power        Failure   Level
 Confusing Touch          Hex            ###.....     11%         3
 Tukima's Dance           Hex            ###.....     11%         3
 Ensorcelled Hibernation  Hex/Ice        #.....       13%         2
 Dazzling Flash           Conj/Hex       #.....       26%         3


Dungeon Overview and Level Annotations

Branches:
Dungeon (2/15)

Altars:
Cheibriados

Annotations:
D:2 Terence


Innate Abilities, Weirdness & Mutations

You cannot wear armour.
You are incapable of wielding weapons or throwing items.
Your paws allow you to move quietly. (Stealth)
You have sharp claws.
You have razor-sharp teeth.
You have supernaturally acute eyesight. (SInv)
You cover ground quickly.
You are covered in fur. (AC +1)
Your sharp claws are effective at attacking unaware monsters.


Message History

You climb upwards.
There is a stone staircase leading down here.
You climb downwards.
Level annotation: Terence
There is a stone staircase leading up here.
The worm bites you.
You climb upwards.
There is a stone staircase leading down here.
You scratch the worm.
The worm is moderately wounded.
You scratch the worm.
The worm is heavily wounded.
The worm closely misses you.
You scratch the worm. You bite the worm, but do no damage.
The worm is heavily wounded.
You barely miss the worm.
The worm is heavily wounded.
The worm bites you!
Ouch! That really hurt!
You die...

####....###.
##....#...##.
###..######.##.
#....######..#.
####.....###.## #####
#####......# ##...##
####....
##..w..#############.
#...@..).............
#........############
#........############
##...................
##..).>##############
#.......# #.#
#.......# #.#
#.......# #.#
##.....## ###.##


You could see a worm.

Vanquished Creatures
  An adder (D:2)
  A dart slug (D:1)
  6 bats
  6 giant cockroaches
  4 goblins
  3 hobgoblins
  3 jackals (D:2)
  3 kobolds
  5 frilled lizards
  A rat (D:2)
33 creatures vanquished.

Notes
Turn   | Place    | Note
-------+----------+-------------------------------------------
     0 | D:1      | Descartes the Felid Enchanter began the quest for the Orb.
     0 | D:1      | Reached XP level 1. HP: 7/7 MP: 4/4
   248 | D:1      | Reached XP level 2. HP: 12/12 MP: 6/6
  1058 | D:2      | Noticed Terence
  1152 | D:2      | Found a snail-covered altar of Cheibriados.
  1360 | D:2      | Reached XP level 3. HP: 5/15 MP: 7/7
  2043 | D:2      | Reached skill level 1 in Fighting
  2097 | D:2      | Reached skill level 5 in Stealth
  2332 | D:1      | Slain by a worm

Illustrated notes

Levels and vault maps discovered:
D:1:      nicolae_arrival_washed_ashore, layout_rooms, serial_glass,
          glass_columns_a, glass_columns_a, glass_columns_b, glass_columns_c,
          glass_columns_a, minivault_4
D:2:      layout_basic, cheibriados_altar_1, uniq_terence

Skill      XL: |  1  2  3 |
---------------+----------+-----
Dodging        | 3 |  3.2
Unarmed Combat | 2 |  2.1
Fighting       | 1 |  1.0
Stealth        | 5 |  5.0
Spellcasting   | |  2.0
Hexes          | |  4.4

Action                   || total
-------------------------++-------
Melee: Unarmed           ||   131
       Bite              ||     8
       Punch             ||     1
 Cast: Corona            ||     1
  Use: Scroll            ||     3
 Stab: Sleeping          ||     9
Armor: Skin              ||    10
Dodge: Dodged            ||   111

Table legend: (Time is in decaauts)
 A = Elapsed time spent in this place.
 B = Non-inter-level travel time spent in this place.
 C = Inter-level travel time spent in this place.
 D = Time resting spent in this place.
 E = Time spent auto-exploring this place.
 F = Levels seen in this place.
 G = Mean time per level.
                   A        B        C        D        E       F      G
               +--------+--------+--------+--------+--------+-----+--------+
         Total |   2157 |   2078 |     79 |    440 |   1262 |   2 | 1078.5 |
       Dungeon |   2157 |   2078 |     79 |    440 |   1262 |   2 | 1078.5 |
               +--------+--------+--------+--------+--------+-----+--------+

Top non-repeatable levels by time:
     D:1: 1586 daAuts
     D:2: 571 daAuts
